 Dungeon Crawl Stone Soup version 0.28.0-53-g5a82cb258f (webtiles) character file.

Game seed: 11151524179210114081

92880 PyroL the Severer (level 15, -4/147 HPs)
             Began as a Minotaur Berserker on June 10, 2022.
             Was a High Priest of Trog.
             Slain by a white ugly thing (32 damage)
             ... on level 15 of the Dungeon.
             The game lasted 01:28:34 (28528 turns).

PyroL the Severer (Minotaur Berserker)             Turns: 28528, Time: 01:28:34

Health: -4/147     AC: 31    Str: 29    XL:     15   Next: 59%
Magic:  14/14      EV:  9    Int:  4    God:    Trog [*****.]
Gold:   164        SH:  0    Dex: 10    Spells: 14/14 levels left

rFire   . . .      SeeInvis .   C - +4 battleaxe (flame)
rCold   . . .      Faith    .   (shield currently unavailable)
rNeg    . . .      Spirit   .   b - +0 crystal plate armour
rPois   .          Reflect  .   (helmet restricted)
rElec   .          Harm     .   k - scarf {repulsion}
rCorr   .          Rampage  .   N - +0 pair of gloves
Will    +....                   (no boots)
Stlth   ..........              W - amulet of regeneration
HPRegen 1.14/turn               x - +4 ring of protection
MPRegen 0.14/turn               K - +4 ring of slaying

@: studying Bows, repel missiles
A: horns 2, retaliatory headbutt
a: Renounce Religion, Berserk, Trog's Hand, Brothers in Arms


You were on level 15 of the Dungeon.
You worshipped Trog.
Trog was extremely pleased with you.
You visited 3 branches of the dungeon, and saw 23 of its levels.
You also visited: Ossuary and Ice Cave.

You collected 2153 gold pieces.
You spent 1989 gold pieces at shops.

Inventory:

Hand Weapons
 C - a +4 battleaxe of flaming (weapon)
Missiles
 I - 5 throwing nets (quivered)
Armour
 b - a +0 crystal plate armour (worn)
 k - a scarf of repulsion (worn)
 N - a +0 pair of gloves (worn)
Jewellery
 a - a ring of positive energy
 d - the ring "Ihuih" {Ice Will+ MP+9 Int+7 Dex-4}
   (You found it on level 3 of the Lair of Beasts)

   [ring of ice]

   It enhances your ice magic.
   Int:       It affects your intelligence (+7).
   Dex:       It affects your dexterity (-4).
   rF:        It makes you vulnerable to fire.
   rC:        It protects you from cold.
   MP:        It affects your magic capacity (+9).
   Will:      It increases your willpower.
 i - a ring of poison resistance
 q - a ring of fire
 w - a +4 ring of evasion
 x - a +4 ring of protection (left hand)
 G - an amulet of guardian spirit
 K - a +4 ring of slaying (right hand)
 W - an amulet of regeneration (around neck)
 Y - a ring of flight
Wands
 l - a wand of mindburst (20)
 y - a wand of flame (84)
 J - a wand of iceblast (16)
 P - a wand of acid (10)
 X - a wand of digging (6)
Scrolls
 f - 7 scrolls of vulnerability
 g - 10 scrolls of teleportation
 h - 4 scrolls of magic mapping
 m - 4 scrolls of blinking
 o - a scroll of summoning
 r - 5 scrolls of enchant armour
 s - a scroll of acquirement {unknown}
 B - 5 scrolls of torment
 D - 3 scrolls of holy word
 F - 2 scrolls of brand weapon
 T - 2 scrolls of immolation {unknown}
 V - 3 scrolls of fear
 Z - 2 scrolls of fog {unknown}
Potions
 c - 8 potions of heal wounds
 e - 3 potions of brilliance
 j - 2 potions of flight
 p - 2 potions of haste {unknown}
 t - a potion of magic {unknown}
 u - 2 potions of lignification {unknown}
 v - a potion of resistance {unknown}
 z - 5 potions of ambrosia
 A - 12 potions of curing
 H - 6 potions of might
 L - a potion of cancellation {unknown}
 O - 3 potions of mutation
 Q - a potion of invisibility
 R - 2 potions of attraction
Miscellaneous
 n - a box of beasts
 E - a condenser vane
 M - a lightning rod (4/4)
 S - a box of beasts
 U - a lightning rod (4/4)


   Skills:
 + Level 17.3 Fighting
 - Level 18.0 Axes
 - Level 18.0 Armour
 * Level 6.8 Dodging
 - Level 1.3 Stealth
 - Level 10.0 Evocations


You had 14 spell levels left.
You didn't know any spells.
Your spell library was empty.

Dungeon Overview and Level Annotations

Branches:
Dungeon (15/15)            Temple (0/1) D:5            Lair (6/6) D:9
  Swamp (0/4) Lair:3        Snake (0/4) Lair:2          Orc (2/2) D:12
    Elf (0/3) Orc:2        Vaults (0/5) D:13        Ossuary (visited)
  IceCv (visited)
  Slime: Lair:5-6    Depths: D:15

Altars:
Fedhas
Wu Jian
Beogh

Shops:
D:7 =   D:9 *!   D:13 [   Orc:2 [(**[(**

Annotations:
Lair:2 exclusion: oklob plant
Lair:5 exclusion: 2 oklob plants


Innate Abilities, Weirdness & Mutations

You have a pair of horns on your head.
You reflexively headbutt those who attack you in melee.


Message History

Trog accepts your kill.
The cyan ugly thing stings you but does no damage.
Items here: ††††.
You barely miss the cyan ugly thing.
The cyan ugly thing stings you but does no damage.
You barely miss the cyan ugly thing.
Your headbutt misses the cyan ugly thing.
The cyan ugly thing stings you but does no damage.
You slash the cyan ugly thing! You burn the cyan ugly thing.
You headbutt the cyan ugly thing!
The cyan ugly thing is heavily wounded.
The cyan ugly thing stings you but does no damage.
You barely miss the cyan ugly thing.
The cyan ugly thing is heavily wounded.
The cyan ugly thing stings you but does no damage.
You slice the cyan ugly thing!! You burn the cyan ugly thing.
Your headbutt misses the cyan ugly thing.
The cyan ugly thing is almost dead.
You hit the cyan ugly thing. You burn the cyan ugly thing.
You headbutt the cyan ugly thing.
The cyan ugly thing is almost dead.
The cyan ugly thing closely misses you. You furiously retaliate!
You headbutt the cyan ugly thing!
You kill the cyan ugly thing!
Trog accepts your kill.
You start resting.
A white ugly thing is nearby!
You hit the white ugly thing. You burn the white ugly thing.
The white ugly thing is lightly wounded.
The white ugly thing stings you. The white ugly thing freezes you!!
You slash the white ugly thing! You burn the white ugly thing.
The white ugly thing is moderately wounded.
The white ugly thing stings you. The white ugly thing freezes you!!
* * * LOW HITPOINT WARNING * * *
You slash the white ugly thing! You burn the white ugly thing.
The white ugly thing is heavily wounded.
The white ugly thing stings you.
* * * LOW HITPOINT WARNING * * *
The white ugly thing freezes you!!
You die...

)###.##........## #
..##.##.........# .#
..##.##.........# .#
.###.##.........# ..#
.....##.........##..###
.#?...................#
.#.#.##########..#......
.#.#.# ##.# ..... .#(#.#
#@# .... .#.#.# #u# ...
##.#.# #.. .. #.#.# #... .
#.#.# #.... ##.#.#######
#?...# .......(.... .....#
...#.####### ############
......##...########.......#


You could see a white ugly thing.

Vanquished Creatures
  A dire elephant (Lair:6)
  Josephine (D:14)
  A rakshasa (D:14)
  5 boulder beetles
  A catoblepas (Lair:6)
  Harold (D:7)
  11 hydras
  4 centaur warriors
  2 dancing weapons (D:13)
  A two-headed ogre (D:14)
  A tengu warrior (D:13)
  A deep troll shaman (Lair:6)
  8 death yaks
  An orc high priest (Orc:2)
  4 skeletal warriors (D:14)
  5 orc knights
  5 lindwurms
  Pikel (D:4)
  6 orc sorcerers
  3 deep elf pyromancers
  5 manticores
  9 elephants
  A cyclops (D:11)
  11 ugly things
  A black mamba (Lair:2)
  2 torpor snails
  3 ice statues (IceCv)
  11 cane toads
  3 gargoyles
  10 komodo dragons
  2 unseen horrors
  3 kobold demonologists
  2 tengu conjurers (D:13)
  An anaconda simulacrum (IceCv)
  2 rime drakes
  A freezing wraith (IceCv)
  The ghost of ZoeForever1 the Ruffian, an amateur TrWr (D:4)
  A troll (shapeshifter) (D:13)
  A polar bear (shapeshifter) (D:10)
  A meliai (shapeshifter) (D:8)
  A hornet (D:8)
  3 polar bears
  5 trolls
  A tyrant leech (Lair:3)
  7 slime creatures
  4 dream sheep (Lair:6)
  16 blink frogs
  3 dire elephant simulacra (IceCv)
  A shadow (D:9)
  36 yaks
  4 vampires
  3 wraiths (D:14)
  4 fire bats (D:9)
  3 wyverns
  A basilisk (Lair:2)
  15 vampire mosquitoes
  2 death yak simulacra (IceCv)
  3 nagas (Lair:2)
  A redback simulacrum (D:15)
  4 wargs
  2 steam dragons
  4 swamp worms (Lair:3)
  An acid dragon (D:14)
  A hell hound (D:9)
  13 water moccasins
  Duvessa (D:5)
  An ice beast (shapeshifter) (D:8)
  4 sky beasts
  4 black bears
  3 ice beasts (D:8)
  30 orc warriors
  2 necrophages (D:8)
  7 ogres
  3 boggarts (D:15)
  26 wolves
  5 centaurs
  6 kobold brigands
  A lemure (D:4)
  Blork the orc (D:4)
  3 elf zombies
  15 bullfrogs
  2 scorpions
  An elf skeleton (D:7)
  A wyvern skeleton (D:7)
  Dowan (D:5)
  2 water moccasin skeletons (D:5)
  2 elephant simulacra (IceCv)
  6 killer bees
  3 wights (D:8)
  An electric eel (Lair:6)
  7 howler monkeys
  2 lava snakes (D:9)
  A bullfrog zombie (D:5)
  12 centaur zombies
  A jelly (D:8)
  A bullfrog skeleton (D:5)
  5 hounds (Lair:1)
  14 orc priests
  Crazy Yiuf (D:5)
  An iguana (D:6)
  15 orc wizards
  A polar bear simulacrum (IceCv)
  A killer bee zombie (D:5)
  2 hound zombies (Ossuary)
  2 hound skeletons
  4 mummies
  2 howler monkey zombies
  3 gnolls (D:4)
  6 adders
  3 shadow imps
  A white imp (D:5)
  An ufetubus (D:5)
  5 adder zombies (Ossuary)
  2 worms (D:2)
  72 orcs
  3 endoplasms
  6 giant cockroaches
  3 gnoll zombies (Ossuary)
  9 goblins
  5 hobgoblins
  3 jackals (D:1)
  4 quokkas
  4 ball pythons
  5 bats
  A frilled lizard (D:3)
  4 goblin zombies (Ossuary)
  A hobgoblin zombie (Ossuary)
  A jackal skeleton (D:4)
  3 jackal zombies (Ossuary)
  33 kobolds
  2 kobold zombies (Ossuary)
  2 orc skeletons (D:7)
  3 orc zombies
  7 quokka zombies (Ossuary)
  2 rats
  3 rat zombies (Ossuary)
  4 bushes (D:2)
676 creatures vanquished.

Vanquished Creatures (collateral kills)
  An orc warlord (Orc:2)
  A boulder beetle (D:8)
  An orc knight (Orc:2)
  A troll (Orc:2)
  A warg (Orc:2)
  An orc warrior (Orc:2)
  An ogre (Orc:2)
7 creatures vanquished.

Vanquished Creatures (others)
  An orc warrior (Orc:2)
  2 orcs (Orc:2)
  2 fire vortices (D:9)
  33 fungi
  57 plants
95 creatures vanquished.

Grand Total: 778 creatures vanquished

Notes
Turn   | Place    | Note
-------+----------+-------------------------------------------
     0 | D:1      | PyroL the Minotaur Berserker began the quest for the Orb.
     0 | D:1      | Reached XP level 1. HP: 19/19 MP: 0/0
   115 | D:1      | Found a faded altar of an unknown god.
   402 | D:1      | Reached XP level 2. HP: 27/27 MP: 1/1
  1214 | D:2      | Reached XP level 3. HP: 32/33 MP: 2/2
  1248 | D:2      | Reached ** piety under Trog
  1339 | D:2      | Found a blossoming altar of Fedhas.
  2198 | D:3      | Reached XP level 4. HP: 28/41 MP: 3/3
  2785 | D:3      | Reached skill level 5 in Fighting
  3052 | D:4      | Noticed Blork the orc
  3069 | D:4      | Killed Blork the orc
  3070 | D:4      | Reached skill level 5 in Axes
  3070 | D:4      | Reached XP level 5. HP: 48/48 MP: 4/4
  3138 | D:4      | Reached skill level 1 in Evocations
  3266 | D:4      | Noticed an ogre
  3271 | D:4      | Killed an ogre
  3277 | D:4      | Reached XP level 6. HP: 57/57 MP: 5/5
  3456 | D:4      | Noticed Pikel
  3477 | D:4      | Killed Pikel
  3478 | D:4      | Reached XP level 7. HP: 66/66 MP: 6/6
  4099 | D:4      | Found a runed translucent gate.
  4099 | D:4      | Found a runed translucent gate.
  4101 | D:4      | Found a runed translucent gate.
  4103 | D:4      | Noticed ZoeForever1's ghost (amateur TrWr)
  4131 | D:4      | Killed ZoeForever1's ghost
  4132 | D:4      | Reached XP level 8. HP: 73/74 MP: 7/7
  4329 | D:5      | Entered Level 5 of the Dungeon
  4561 | D:5      | Found an ornate altar of the Wu Jian Council.
  5309 | D:5      | Noticed Duvessa
  5606 | D:5      | Noticed Dowan
  5613 | D:5      | Killed Duvessa
  5622 | D:5      | Killed Dowan
  5968 | D:5      | Found a runed translucent door.
  5969 | D:5      | Noticed Crazy Yiuf
  6181 | D:5      | Killed Crazy Yiuf
  6471 | D:5      | Reached *** piety under Trog
  6633 | D:5      | Reached XP level 9. HP: 71/85 MP: 8/8
  6854 | D:5      | Found a staircase to the Ecumenical Temple.
  7505 | D:6      | Reached skill level 10 in Fighting
  7505 | D:6      | Reached skill level 10 in Axes
  7857 | D:6      | Identified the amulet "Cooqiwk" {RegenMP Dex+3}
  8181 | D:6      | Found the +7 staff of the Meek {protect, meekguard}
  8505 | D:7      | Reached skill level 5 in Evocations
  8733 | D:7      | Found Fypitriq's Jewellery Boutique.
  8825 | D:7      | Found a sand-covered staircase.
  8841 | Ossuary  | Entered an ossuary
  9005 | Ossuary  | Reached **** piety under Trog
  9249 | D:7      | Noticed Harold
  9265 | D:7      | Killed Harold
  9266 | D:7      | Reached XP level 10. HP: 97/97 MP: 9/9
 10353 | D:8      | Reached ***** piety under Trog
 10370 | D:8      | Noticed a gargoyle
 10397 | D:8      | Killed a gargoyle
 10731 | D:8      | Noticed a manticore
 10746 | D:8      | Killed a manticore
 10919 | D:8      | Noticed a boulder beetle
 10925 | D:8      | Killed a boulder beetle
 10926 | D:8      | Reached XP level 11. HP: 108/108 MP: 10/10
 12101 | D:9      | Found Teuveot's Assorted Antiques.
 12116 | D:9      | Found a staircase to the Lair.
 12755 | D:9      | Found Pozec's Distillery.
 12761 | D:9      | Bought a potion of degeneration for 15 gold pieces
 13010 | D:10     | Entered Level 10 of the Dungeon
 13058 | D:10     | Noticed a deep elf pyromancer
 13830 | D:10     | Reached skill level 15 in Fighting
 13830 | D:10     | Reached skill level 15 in Axes
 14259 | D:10     | Identified the +1 hand axe of Infection {vorpal, Dex+4}
 14323 | D:10     | Killed a deep elf pyromancer
 14658 | Lair:1   | Entered Level 1 of the Lair of Beasts
 14682 | Lair:1   | Reached XP level 12. HP: 49/119 MP: 11/11
 14986 | Lair:1   | Found a frozen archway.
 14998 | IceCv    | Entered an ice cave
 15009 | IceCv    | Reached skill level 5 in Armour
 16761 | Lair:2   | Noticed an eight-headed hydra
 16778 | Lair:1   | Killed a six-headed hydra
 17167 | Lair:2   | Reached skill level 10 in Armour
 17172 | Lair:2   | Found a staircase to the Snake Pit.
 17882 | Lair:3   | Noticed a six-headed hydra
 17891 | Lair:3   | Killed a three-headed hydra
 18033 | Lair:3   | Noticed a four-headed hydra
 18041 | Lair:3   | Killed a one-headed hydra
 18043 | Lair:3   | Reached XP level 13. HP: 63/126 MP: 12/12
 18218 | Lair:3   | Found a staircase to the Swamp.
 18509 | Lair:3   | Identified the ring "Ihuih" {Ice Will+ MP+9 Int+7 Dex-4}
 19603 | Lair:4   | Received a gift from Trog
 20555 | Lair:6   | Entered Level 6 of the Lair of Beasts
 20899 | Lair:6   | Reached XP level 14. HP: 118/135 MP: 13/13
 21150 | Lair:6   | Reached skill level 15 in Armour
 22007 | D:11     | Received a gift from Trog
 23461 | D:12     | Found a staircase to the Orcish Mines.
 23581 | Orc:1    | Entered Level 1 of the Orcish Mines
 23775 | Orc:2    | Entered Level 2 of the Orcish Mines
 23775 | Orc:2    | Found Hammuof's Jewellery Shop.
 23909 | Orc:2    | Found Yxananinu's Assorted Antiques.
 23911 | Orc:2    | Found a staircase to the Elven Halls.
 23930 | Orc:2    | Found Zed Xywn's Weapon Shoppe.
 23995 | Orc:2    | Received a gift from Trog
 24084 | Orc:2    | Found Fups's General Store.
 24203 | Orc:2    | Found Iqacalle's Assorted Antiques.
 24235 | Orc:2    | Paralysed by an orc sorcerer for 3 turns
 24245 | Orc:2    | Paralysed by an orc sorcerer for 6 turns
 24482 | Orc:2    | Noticed an orc warlord
 24488 | Orc:2    | Killed an orc warlord
 24548 | Orc:2    | Paralysed by an orc sorcerer for 2 turns
 24841 | Orc:2    | Found Vaps's Antique Armour Shop.
 24854 | Orc:2    | Found Seluuk's Assorted Antiques.
 24940 | Orc:2    | Found Ogug's Antique Weapon Boutique.
 24990 | Orc:2    | Found Zaiv's Armour Boutique.
 25220 | Orc:2    | Bought a +0 crystal plate armour for 960 gold pieces
 25639 | D:13     | Reached XP level 15. HP: 130/145 MP: 14/14
 25816 | D:13     | Found Oclasogh's Antique Armour Shoppe.
 25883 | D:13     | Found a gate to the Vaults.
 26380 | D:14     | Reached skill level 10 in Evocations
 26465 | D:14     | Identified the +11 mace of Tension {vorpal, Contam +Blink
                  | Int+3}
 26518 | D:14     | Noticed Josephine
 26539 | D:14     | Killed Josephine
 26540 | D:14     | Reached skill level 1 in Stealth
 26873 | D:7      | Bought a +4 ring of slaying for 1014 gold pieces
 27460 | D:14     | Received a gift from Trog
 27502 | D:14     | Reached skill level 5 in Dodging
 27798 | D:15     | Entered Level 15 of the Dungeon
 28528 | D:15     | Slain by a white ugly thing

Illustrated notes

Levels and vault maps discovered:
D:1:      dpeg_arrival_rhombi, layout_basic, basic_ecumenical_altar
D:2:      layout_basic, serial_forest, infiniplex_forest_lined_3,
          infiniplex_forest_end_1, infiniplex_forest_clump_small,
          infiniplex_forest_clump_small, infiniplex_forest_diagonal,
          infiniplex_forest_clump_diagonal, infiniplex_forest_clump_double,
          infiniplex_forest_end_3, basic_altar, kennysheep_nondescript
D:3:      layout_basic, minmay_misc_feat_chi
D:4:      layout_basic, ebering_ghost_rock_garden, uniq_pikel,
          uniq_blork_the_orc
D:5:      layout_layer_cave, pdpol_wu_jian_five_deadly_venoms,
          minmay_temple_entry_nine_rooms, uniq_crazy_yiuf_cottage, uniq_duvessa
D:6:      layout_cave_pools, minmay_hedge_maze, pf_guarded_unrand_meek
D:7:      layout_basic, nicolae_ossuary_entry_catacombs, serial_shops,
          nicolae_shop_window_shopping, uniq_harold
D:8:      nzn_winding_woodlands_cross [nzn_winding_woodlands_5x15_cabin,
          nzn_winding_woodlands_5x15_zeroes, nzn_winding_woodlands_5x15_pockets,
          nzn_winding_woodlands_5x15_sidewinder,
          nzn_winding_woodlands_15x15_five_gardens], layout_basic,
          serial_undead, serial_undead_d, serial_undead_a, serial_undead_c,
          serial_undead_b, serial_bayou_pond_a
D:9:      layout_irregular_city, lair_entry_dummy, serial_shops, shop,
          nicolae_stop_n_shop_2, hangedman_incinerator
D:10:     layout_small_grid, kennysheep_generic_room_6
D:11:     layout_loops_ring
D:12:     layout_stronghold, hiddenorc1_lemuel
D:13:     layout_stronghold, erik_vaults_1, serial_shops,
          nicolae_shop_behind_doors
D:14:     layout_stronghold, minmay_misc_feat_pillars, uniq_josephine
D:15:     gammafunk_depths_entry_grave, layout_basic,
          chequers_serial_rivers_marsh
Lair:1:   beast_lair_carwin_large_1, layout_misc_corridors,
          portal_ice_cave_entry_pillars_2, st_stairs_8, grunt_megastairs_2
Lair:2:   minmay_lair_oklob_tunnel, layout_gridlike,
          guppyfry_snake_entry_garden, grunt_megastairs_4, lemuel_fruit_tree
Lair:3:   layout_cave_pods, palyth_hydra_swamp_entry, minmay_lindwurm_lava
Lair:4:   layout_roguey
Lair:5:   layout_regular_city, minmay_slime_entry_oklob_enclosed
Lair:6:   grunt_lair_end_beastmaster, layout_regular_city,
          nicolae_quartered_pool_little, patterned_corridor, grunt_megastairs_5
Orc:1:    layout_diamond_mine, basic_altar
Orc:2:    grunt_orc_gardens, layout_caves, grunt_orc_garden, grunt_orc_garden,
          grunt_orc_garden, grunt_orc_garden, serial_shops, shop,
          nicolae_shop_window_shopping, nicolae_shop_crystal,
          nicolae_shop_window_shopping, nicolae_shop_hallway_plus, mines2_david

Skill      XL: |  1  2  3  4  5  6  7  8  9 10 11 12 13 14 15 |
---------------+----------------------------------------------+-----
Fighting       | 4 5 6 7 8 9 12 13 15 16 17 | 17.3
Axes           | 4 5 7 8 9 12 13 15 17 18 | 18.0
Evocations     | 1 2 3 4 5 7 8 9 10 | 10.0
Armour         | 3 11 14 17 18 | 18.0
Stealth        | 1 |  1.3
Dodging        | 6 |  6.8

Action                   |  1- 3 |  4- 6 |  7- 9 | 10-12 | 13-15 || total
-------------------------+-------+-------+-------+-------+-------++-------
Melee: Hand axe          |   293 |    79 |   228 |       |       ||   600
       Headbutt          |    86 |    12 |    88 |   129 |   200 ||   515
       Punch             |     7 |       |     6 |     6 |       ||    19
       Whip              |       |       |    11 |       |       ||    11
       Unarmed           |       |       |     3 |       |       ||     3
       War axe           |       |       |   166 |   366 |       ||   532
       Battleaxe         |       |       |       |   214 |   904 ||  1118
Throw: Throwing net      |       |       |       |       |     1 ||     1
Invok: Berserk           |       |     3 |     5 |     6 |     6 ||    20
       Trog's Hand       |       |       |     1 |       |     2 ||     3
       Brothers in Arms  |       |       |       |     2 |     2 ||     4
Evoke: Wand              |       |       |       |     3 |       ||     3
  Use: Scroll            |       |       |     9 |     8 |    10 ||    27
Armor: Animal skin       |    13 |     4 |       |       |       ||    17
       Plate armour      |       |    17 |    47 |       |   309 ||   373
       Chain mail        |       |       |   156 |   322 |    63 ||   541
       Crystal plate arm |       |       |       |       |   205 ||   205
Dodge: Dodged            |    53 |    24 |   130 |   226 |   292 ||   725
       Repelled          |       |       |     1 |       |     1 ||     2
